 Dungeon Crawl Stone Soup version 0.26.0-16-gc1dbca0489 (webtiles) character file.

Game seed: 4026939806847446721

247 trckry the Sneak (level 5, 0/35 HPs)
             Began as a Vampire Enchanter on Jan 20, 2021.
             Killed by nerve-wracking pain
             ... invoked by an orc priest
              (4 damage)
             ... on level 4 of the Dungeon.
             The game lasted 00:09:13 (2478 turns).

trckry the Sneak (Vampire Enchanter)                Turns: 2478, Time: 00:09:13

Health: 0/35       AC:  9    Str:  7    XL:     5   Next: 85%
Magic:  2/8        EV: 13    Int: 18    God:
Gold:   179        SH:  0    Dex: 15    Spells: 2/8 levels left

rFire    . . .     SeeInvis +   a - +1 dagger
rCold    . . .     Faith    .   (no shield)
rNeg     . . .     Spirit   .   b - +0 robe
rPois    .         Reflect  .   (no helmet)
rElec    .         Harm     .   f - +2 cloak
rCorr    .         Rampage  .   (no gloves)
Will     .....                  (no boots)
Stlth    +++.......             (no amulet)
HPRegen  0.31/turn              i - ring of flight
MPRegen  0.11/turn              k - +4 ring of protection

@: regenerating quickly
A: fangs 3, see invisible, unbreathing
a: Exsanguinate, Evoke Flight


You were on level 4 of the Dungeon.
You visited 1 branch of the dungeon, and saw 4 of its levels.

You collected 179 gold pieces.

Inventory:

Hand Weapons
 a - a +1 dagger (weapon)
Missiles
 s - 15 poisoned darts (quivered)
Armour
 b - a +0 robe (worn)
 f - a +2 cloak (worn)
Jewellery
 i - a ring of flight (left hand)
 k - a +4 ring of protection (right hand)
Scrolls
 c - 3 scrolls of fear {unknown}
 e - a scroll of enchant weapon {unknown}
 m - 2 scrolls of remove curse {unknown}
 o - 3 scrolls of identify {unknown}
 q - a scroll of fog {unknown}
 r - a scroll of teleportation {unknown}
Potions
 d - a potion of brilliance {unknown}
 g - 3 potions of mutation {unknown}
 h - 2 potions of haste {unknown}
 j - a potion of berserk rage {unknown}
 l - a potion of resistance {unknown}
 n - a potion of magic {unknown}
 p - a potion of ambrosia {unknown}


   Skills:
 * Level 3.4 Short Blades
 + Level 1.4 Throwing
 + Level 3.2 Dodging
 + Level 5.6 Stealth
 - Level 2.0 Spellcasting
 + Level 5.4 Hexes
 + Level 1.5 Ice Magic
 + Level 0.8 Evocations


You had 2 spell levels left.
You knew the following spells:

 Your Spells              Type           Power        Failure   Level
a - Corona                Hex            23%          1%          1
b - Ensorcelled Hibernat  Hex/Ice        28%          6%          2
c - Confusing Touch       Hex            21%          6%          3

Your spell library contained the following spells:

 Spells                   Type           Power        Failure   Level
 Tukima's Dance           Hex            21%          6%          3
 Dazzling Flash           Conj/Hex       22%          19%         3


Dungeon Overview and Level Annotations

Branches:
Dungeon (4/15)
 Temple: D:4-7

Altars:
Okawaru


Innate Abilities, Weirdness & Mutations

Your natural rate of healing is unusually fast.
You have razor-sharp teeth.
You have supernaturally acute eyesight. (SInv)
You can survive without breathing.


Message History

Aim: an orc priest, wielding a +0 hand axe (chance to affect: 45%)
The orc priest resists with some effort.
The orc priest closely misses you.
Casting: Ensorcelled Hibernation (safe; 6% risk of failure)
Confirm with . or Enter, or press ? or * to list all spells.
Aiming: Ensorcelled Hibernation (safe; 6% risk of failure)
Press: ? - help, Shift-Dir - straight line, f/p - orc priest
Aim: an orc priest, wielding a +0 hand axe (chance to affect: 45%)
The orc priest resists with some effort.
The orc priest invokes the aid of Beogh against you.
Pain shoots through your body!
The orc priest looks braver for a moment.
The orc priest mumbles some strange prayers to Beogh against you.
Pain shoots through your body!
The orc priest invokes the aid of Beogh against you.
Beogh smites you!
* * * LOW HITPOINT WARNING * * *
The orc priest mumbles some strange prayers to Beogh against you.
Pain shoots through your body!
You die...

#.#.##.#.#.........#..#
#o#.##.#.#............. #
#o#.#..#.#....###.##...
#........#o##.#.........#...
#........#.##.#...#####.#.).
#........#.##.#.......#.#.##
#........#.##.#.#.###.#.#..
######.#.#.##...#...# .#.#
..#.).@........# ...#
..#..#.######### ..# #..#.#
...# #..#.# ... ...... ##
#####.# #. ... ###. ## ###
... .#


You could see an orc priest.

Vanquished Creatures
  A howler monkey (D:2)
  A hound (D:4)
  2 orc priests (D:3)
  3 gnolls (D:4)
  An adder (D:3)
  2 worms
  2 dart slugs
  3 leopard geckos
  5 orcs
  A ball python (D:1)
  2 giant cockroaches
  5 goblins
  6 hobgoblins
  4 jackals (D:1)
  7 kobolds
  A quokka (D:2)
  9 bats
  3 frilled lizards (D:2)
  15 rats
73 creatures vanquished.

Vanquished Creatures (others)
  A plant (D:1)
1 creature vanquished.

Grand Total: 74 creatures vanquished

Notes
Turn   | Place    | Note
-------+----------+-------------------------------------------
     0 | D:1      | trckry the Vampire Enchanter began the quest for the Orb.
     0 | D:1      | Reached XP level 1. HP: 13/13 MP: 3/3
    54 | D:1      | HP: 1/13 [hobgoblin/+0 club (2)]
   131 | D:1      | Reached XP level 2. HP: 19/19 MP: 5/5
   422 | D:1      | Learned a level 2 spell: Ensorcelled Hibernation
   437 | D:1      | Reached XP level 3. HP: 24/24 MP: 6/6
  1010 | D:2      | Learned a level 3 spell: Confusing Touch
  1147 | D:2      | Reached skill level 5 in Stealth
  1201 | D:2      | Reached skill level 5 in Hexes
  1201 | D:2      | Reached XP level 4. HP: 19/30 MP: 4/7
  1615 | D:3      | Reached skill level 1 in Ice Magic
  1733 | D:3      | Reached skill level 1 in Throwing
  1762 | D:3      | Found an iron altar of Okawaru.
  1840 | D:3      | Reached XP level 5. HP: 29/35 MP: 5/8
  2468 | D:4      | HP: 1/35 [orc priest/divine providence (13)]
  2478 | D:4      | Killed from afar by an orc priest

Illustrated notes

Levels and vault maps discovered:
D:1:      tarquinn_simple_flora_water_c, layout_basic, serial_park_tiny_2,
          chequers_arboretum, minmay_close_crescents
D:2:      layout_loops_ring
D:3:      layout_loops_cross, okawaru_gym_becter
D:4:      layout_basic, minmay_temple_entry_proselytizer, uniq_grinder,
          uniq_eustachio

Skill      XL: |  1  2  3  4  5 |
---------------+----------------+-----
Short Blades   | 2 3 |  3.4
Stealth        | 5 |  5.6
Hexes          | 5 |  5.4
Ice Magic      | 1 |  1.5
Throwing       | 1 |  1.4
Dodging        | 3 |  3.2
Spellcasting   | |  2.0
Evocations     | |  0.8

Action                   |  1- 3 |  4- 6 || total
-------------------------+-------+-------++-------
Melee: Dagger            |   183 |    63 ||   246
       Bite              |    10 |     5 ||    15
 Cast: Corona            |     1 |       ||     1
       Ensorcelled Hiber |     3 |    20 ||    23
 Stab: Sleeping          |    11 |    15 ||    26
Armor: Robe              |    30 |    21 ||    51
Dodge: Dodged            |    97 |    36 ||   133
